 Dungeon Crawl Stone Soup version 0.21.1-1-g345015f (webtiles) character file.

35 prawnwizard the Shooter (level 3, -2/29 HPs)
             Began as a Centaur Hunter on July 2, 2018.
             Slain by an iguana (8 damage)
             ... on level 2 of the Dungeon.
             The game lasted 00:03:45 (1490 turns).

prawnwizard the Shooter (Centaur Hunter)            Turns: 1490, Time: 00:03:46

Health: -2/29      AC:  4    Str: 14    XL:     3   Next: 16%
Magic:  3/3        EV:  9    Int: 11    God:
Gold:   112        SH:  0    Dex:  9    Spells: 2/2 levels left

rFire    . . .     SeeInvis +   b - +0 short sword
rCold    . . .     Gourm    .   (no shield)
rNeg     . . .     Faith    +   c - +0 leather armour
rPois    .         Spirit   .   (no helmet)
rElec    .         Reflect  .   (no cloak)
rCorr    .         Harm     .   (no gloves)
MR       .....                  (no barding)
Stlth    +.........             h - amulet of faith
HPRegen  0.09/turn              j - ring of see invisible
MPRegen  0.08/turn              (no ring)

@: very quick
A: large, hooves 3, deformed body, speed 2, tough skin 3
a: no special abilities


You were on level 2 of the Dungeon.
You were not hungry.

You visited 1 branch of the dungeon, and saw 2 of its levels.

You collected 112 gold pieces.

Inventory:

Hand Weapons
 a - a +1 shortbow
 b - a +0 short sword (weapon)
Missiles
 d - 27 arrows
Armour
 c - a +0 leather armour (worn)
Jewellery
 h - an amulet of faith (around neck)
 j - a ring of see invisible (left hand)
Scrolls
 e - a scroll of teleportation {unknown}
 g - 4 scrolls of identify {unknown}
 k - a scroll of immolation {unknown}
 m - a scroll of remove curse {unknown}
Potions
 i - a potion of brilliance {unknown}
 n - a potion of haste {unknown}
 o - 2 potions of flight {unknown}
Comestibles
 f - 3 rations
 l - 4 chunks of flesh


   Skills:
 + Level 2.2 Fighting
 * Level 6.6 Bows
 + Level 0.1 Armour
 + Level 1.3 Dodging
 - Level 0.4 Stealth


You had 2 spell levels left.
You didn't know any spells.

Dungeon Overview and Level Annotations

Branches:
Dungeon (2/15)

Altars:


Innate Abilities, Weirdness & Mutations

You have hooves in place of feet.
Armour fits poorly on your strangely shaped body.
You cover ground very quickly.
You have extremely tough skin. (AC +3)


Message History

Some of the chunks of flesh in your inventory have rotted away.
Firing (i - inventory):
d - 29 arrows (quivered)
Press: ? - help, Shift-Dir - straight line, f/p - iguana
Aim: an iguana (severely wounded)
You shoot an arrow.
The arrow hits the iguana but does no damage.
The iguana is severely wounded.
Firing (i - inventory):
d - 28 arrows (quivered)
Press: ? - help, Shift-Dir - straight line, f/p - iguana
Aim: an iguana (severely wounded)
Okay, then.
Firing (i - inventory):
d - 28 arrows (quivered)
Press: ? - help, Shift-Dir - straight line, f/p - iguana
Aim: an iguana (severely wounded)
You shoot an arrow. The arrow closely misses the iguana.
b - a +0 short sword (weapon)
You closely miss the iguana. You kick the iguana, but do no damage.
The iguana is severely wounded.
The iguana bites you!
You die...

......#.....############.##.....#
⌠...⌠.#....................>....#
......#÷...#########...#..#.....#
..⌠...'....# #...<##.#.#........#
......#....###.#####.#.#.....####
⌠...⌠.#........#.......###...#
......#........#.###(#####...#
##+####.......##l##.....(...(#
#............##@##..w####..#####
#####################..l.......>
........w.....?. #...#.........(.
................ #...#...........
................
##################...........
#####.............# ............


You could see an iguana.

Vanquished Creatures
  2 leopard geckos
  3 goblins
  5 hobgoblins
  7 jackals (D:1)
  3 bats
  2 frilled lizards (D:1)
  2 kobolds
  5 rats
29 creatures vanquished.

Notes
Turn   | Place    | Note
-------+----------+-------------------------------------------
     0 | D:1      | prawnwizard the Centaur Hunter began the quest for the Orb.
     0 | D:1      | Reached XP level 1. HP: 17/17 MP: 1/1
   105 | D:1      | Reached XP level 2. HP: 16/24 MP: 2/2
   169 | D:1      | Reached skill level 6 in Bows
  1314 | D:2      | Reached XP level 3. HP: 28/29 MP: 3/3
  1490 | D:2      | Slain by an iguana

Skill      XL: |  1  2 |
---------------+-------+-----
Bows           | 6 |  6.6
Fighting       | |  2.2
Armour         | |  0.1
Dodging        | |  1.3
Stealth        | |  0.4

Action                   || total
-------------------------++-------
Melee: Short sword       ||    14
       Shortbow          ||     6
       Kick              ||     5
 Fire: Shortbow          ||    78
Armor: Leather armour    ||    18
Dodge: Dodged            ||    16
